 Dungeon Sprint DCSS version 0.30-a0-824-g6c64550be9 (webtiles) character file.

Game seed: 9507251783524287526

1134 rocky1 the Basher (level 8, -3/65 HPs)
             Began as a Formicid Fighter on Feb 27, 2023.
             Was a Follower of Okawaru.
             Slain by a centaur warrior (5 damage)
             ... in the Dungeon (Sprint IX: "|||||||||||||||||||||||||||||").
             The game lasted 00:02:18 (500 turns).

rocky1 the Basher (Formicid Fighter)                 Turns: 500, Time: 00:02:18

Health: -3/65      AC:  4    Str: 26    XL:     8   Next: 62%
Magic:  7/8        EV: 10    Int:  8    God:    Okawaru [*.....]
Gold:   0          SH:  7    Dex: 16    Spells: 7/7 levels left

rFire   . . .      SeeInvis +    k - +2 morningstar (drain)
rCold   . . .      Faith    .    c - +0 buckler
rNeg    . . .      Spirit   .    m - +1 chain mail
rPois   .          Reflect  .    (helmet unavailable)
rElec   .          Harm     .    l - +0 cloak
rCorr   .          Rampage  .    (no gloves)
Will    .....                    (no boots) Stlth
                                 (no amulet)
HPRegen 0.30/turn                n - +3 ring of strength
MPRegen 0.11/turn                o - +3 ring of dexterity

@: corroded
A: permanent stasis, dig shafts and tunnels, antennae 3, four strong arms
a: Dig, Renounce Religion, Heroism


You were in the Dungeon.
You worshipped Okawaru.
Okawaru was aware of your devotion.
You visited 1 branch

Inventory:

Hand Weapons
 k - a +2 morningstar of draining (weapon)
Missiles
 a - a curare-tipped dart (quivered)
 b - 8 poisoned darts
Armour
 c - a +0 buckler (worn)
 l - a +0 cloak (worn)
 m - a +1 chain mail (worn)
Jewellery
 n - a +3 ring of strength (left hand)
 o - a +3 ring of dexterity (right hand)
Wands
 j - a wand of iceblast (10)
Scrolls
 i - 2 scrolls of amnesia
Potions
 d - a potion of invisibility
 e - 2 potions of curing
 g - 4 potions of magic


   Skills:
 + Level 6.8 Fighting
 * Level 12.6 Maces & Flails
 + Level 6.8 Armour
 + Level 4.7 Dodging
 + Level 12.2 Shields


You had 7 spell levels left.
You didn't know any spells.
Your spell library was empty.

Dungeon Overview and Level Annotations

Branches:
Dungeon (1/1)

Altars:
Cheibriados
Dithmenos
Elyvilon
Fedhas
Gozag
Hepliaklqana
Kikubaaqudgha
Makhleb
Nemelex Xobeh
Okawaru
Qazlal
Ru
Sif Muna
Trog
Uskayaw
Vehumet
Wu Jian
Xom
Yredelemnul
Zin
The Shining One
Jiyva
Lugonu


Innate Abilities, Weirdness & Mutations

You cannot be hasted, slowed, berserked, paralysed or teleported.
You can dig through walls and to a lower floor.
You have a pair of large antennae on your head. (SInv)
Your four strong arms can wield two-handed weapons with a shield.


Message History

You hit the centaur warrior.
The centaur warrior is heavily wounded.
The centaur warrior closely misses you. The centaur warrior barely misses you.
You hit the centaur warrior but do no damage.
You drain the centaur warrior.
The centaur warrior is severely wounded.
The centaur warrior hits you!
* * * LOW HITPOINT WARNING * * *
The centaur warrior kicks you but does no damage.
You feel better.
The centaur warrior hits you but does no damage.
The centaur warrior kicks you.
* * * LOW HITPOINT WARNING * * *
The centaur warrior hits you.
* * * LOW HITPOINT WARNING * * *
You block the centaur warrior's attack.
You hit the centaur warrior but do no damage.
You drain the centaur warrior.
The centaur warrior is severely wounded.
The centaur warrior hits you!
* * * LOW HITPOINT WARNING * * *
You block the centaur warrior's attack.
You feel better.
You feel like a meek peon again. The centaur warrior barely misses you.
The centaur warrior misses you.
You barely miss the centaur warrior.
The centaur warrior is severely wounded.
The centaur warrior completely misses you.
The centaur warrior kicks you but does no damage.
The centaur warrior hits you!
* * * LOW HITPOINT WARNING * * *
The centaur warrior kicks you but does no damage.
You feel better. The centaur warrior hits you.
* * * LOW HITPOINT WARNING * * *
The centaur warrior kicks you.
* * * LOW HITPOINT WARNING * * *
You hit the centaur warrior but do no damage.
The centaur warrior is severely wounded.
The centaur warrior hits you.
You die... {{{{{{{{ ▓▓▓▓▓▓▓▓▓▓▓▓▓▓▓▓▓▓▓▓▓▓▓▓ ..)..[..?)).....@cOB...+ ▓▓▓▓▓▓▓▓▓▓▓▓▓▓▓▓▓▓▓▓▓▓▓▓

You could see a boulder beetle, a centaur warrior (drained) and a two-headed ogre.

Vanquished Creatures
  A troll (D)
  A dream sheep (shapeshifter) (D)
  A yak (D)
  An acid dragon (D)
  A centaur (D)
  2 kobold brigands (D)
  A gnoll sergeant (D)
  2 scorpions (D)
  A howler monkey (D)
  2 orc wizards (D)
  An adder (D)
  An endoplasm (D)
  A ball python (D)
  A bat (D)
  2 frilled lizards (D)
19 creatures vanquished.

Notes
Turn   | Place    | Note
-------+----------+-------------------------------------------
     0 | D        | rocky1 the Formicid Fighter began the quest for the Orb.
     0 | D        | Reached XP level 1. HP: 18/18 MP: 1/1
   123 | D        | Noticed an orc wizard
   123 | D        | Noticed a scorpion
   123 | D        | Noticed a scorpion
   123 | D        | Noticed a centaur
   136 | D        | Killed an orc wizard
   137 | D        | Reached skill level 5 in Maces & Flails
   137 | D        | Reached XP level 2. HP: 21/24 MP: 2/2
   137 | D        | Reached XP level 3. HP: 25/29 MP: 3/3
   137 | D        | Killed a scorpion
   138 | D        | Reached XP level 4. HP: 28/35 MP: 4/4
   142 | D        | Killed a scorpion
   143 | D        | Reached XP level 5. HP: 35/41 MP: 5/5
   144 | D        | Killed a centaur
   145 | D        | Reached XP level 6. HP: 41/47 MP: 6/6
   146 | D        | Reached skill level 10 in Shields
   152 | D        | Found a snail-covered altar of Cheibriados.
   152 | D        | Found a shadowy altar of Dithmenos.
   152 | D        | Found a white marble altar of Elyvilon.
   152 | D        | Found a blossoming altar of Fedhas.
   152 | D        | Found an opulent altar of Gozag.
   153 | D        | Found a hazy altar of Hepliaklqana.
   154 | D        | Found a viscous altar of Jiyva.
   155 | D        | Found an ancient bone altar of Kikubaaqudgha.
   156 | D        | Found a corrupted altar of Lugonu.
   157 | D        | Found a burning altar of Makhleb.
   158 | D        | Found a sparkling altar of Nemelex Xobeh.
   159 | D        | Found an iron altar of Okawaru.
   160 | D        | Found a stormy altar of Qazlal.
   161 | D        | Found a sacrificial altar of Ru.
   162 | D        | Found a shimmering blue altar of Sif Muna.
   163 | D        | Found a bloodstained altar of Trog.
   164 | D        | Found a hide-covered altar of Uskayaw.
   165 | D        | Found a radiant altar of Vehumet.
   166 | D        | Found an ornate altar of the Wu Jian Council.
   167 | D        | Became a worshipper of Warmaster Okawaru
   168 | D        | Found a shimmering altar of Xom.
   169 | D        | Found a basalt altar of Yredelemnul.
   170 | D        | Found a glowing silver altar of Zin.
   171 | D        | Found a glowing golden altar of the Shining One.
   331 | D        | Noticed a yak
   333 | D        | Killed a yak
   334 | D        | Reached skill level 10 in Maces & Flails
   334 | D        | Reached XP level 7. HP: 44/55 MP: 7/7
   340 | D        | Reached skill level 5 in Armour
   343 | D        | Reached * piety under Okawaru
   344 | D        | Reached skill level 5 in Fighting
   469 | D        | Noticed an acid dragon
   469 | D        | Noticed a troll
   469 | D        | Noticed a tarantella
   469 | D        | Noticed a centaur warrior
   469 | D        | Noticed a two-headed ogre
   469 | D        | Noticed a boulder beetle
   479 | D        | Killed an acid dragon
   480 | D        | Reached XP level 8. HP: 25/64 MP: 8/8
   481 | D        | HP: 2/64 [troll (5)]
   485 | D        | a tarantella changed into a dream sheep
   485 | D        | Noticed a dream sheep (shapeshifter)
   488 | D        | Killed a troll
   490 | D        | Killed a dream sheep
   498 | D        | HP: 2/65 [centaur warrior (9)]
   500 | D        | Slain by a centaur warrior

Illustrated notes

Levels and vault maps discovered:
D:        linesprint [early_d, line_temple, items_1, d_10, items_2, lair_1,
          lair_end, items_3, orc_1, orc_end, items_4, d_15, swamp_1, shoals_1,
          snake_1, spider_1, d_20, vaults_1, items_5, swamp_end, shoals_end,
          snake_end, spider_end, vaults_end, d_27, items_6, zot_1, zot_end,
          crypt_end, forest_end, elf_end, slime_end, tomb_end, abyss_end,
          pan_hell_end]

Skill      XL: |  1  2  3  4  5  6  7  8 |
---------------+-------------------------+-----
Maces & Flails | 5 7 8 9 10 11 12 | 12.6
Shields        | 6 7 8 9 10 11 12 | 12.2
Fighting       | 4 6 |  6.8
Armour         | 4 6 |  6.8
Dodging        | 2 4 |  4.7

Action                     |  1- 3 |  4- 6 |  7- 9 || total
---------------------------+-------+-------+-------++-------
  Melee: Flail             |    22 |     8 |       ||    30
         Morningstar       |       |     2 |    40 ||    42
 Invoke: Heroism           |       |       |     1 ||     1
    Use: Potion            |     1 |       |     6 ||     7
 Armour: Scale mail        |    11 |     1 |       ||    12
         Chain mail        |       |       |    14 ||    14
  Dodge: Dodged            |    12 |     5 |    19 ||    36
  Block: Buckler           |     5 |     3 |    13 ||    21

Table legend: (Time is in decaauts)
 A = Elapsed time spent in this place.
 B = Non-inter-level travel time spent in this place.
 C = Inter-level travel time spent in this place.
 D = Time resting spent in this place.
 E = Time spent auto-exploring this place.
 F = Levels seen in this place.
 G = Mean time per level.
                   A        B        C        D        E       F      G
               +--------+--------+--------+--------+--------+-----+--------+
         Total |    500 |    500 |      0 |    304 |      0 |   1 |  500.0 |
       Dungeon |    500 |    500 |      0 |    304 |      0 |   1 |  500.0 |
               +--------+--------+--------+--------+--------+-----+--------+

Top non-repeatable levels by time:
       D: 500 daAuts
